 Dungeon Crawl Stone Soup version 0.31-a0-1620-gcbf77bbcfc (webtiles) character file.

Game seed: 15935768751857996695

310 Newt the Skirmisher (level 6, -5/40 HPs)
             Began as a Kobold Hunter on Jan 11, 2024.
             Slain by Edmund
             ... wielding a +2 flail of holy wrath
              (12 damage)
             ... on level 4 of the Dungeon.
             The game lasted 00:02:58 (3630 turns).

Newt the Skirmisher (Kobold Hunter)                 Turns: 3630, Time: 00:02:59

Health: -5/40      AC:  4    Str:  9    XL:     6   Next: 70%
Magic:  6/6        EV: 14    Int: 10    God:
Gold:   210        SH:  0    Dex: 20    Spells: 5/5 levels left

rFire   . . .        a - +0 shortbow
rCold   . . .        (shield currently unavailable)
rNeg    + . .        l - +0 leather armour {rN+}
rPois   .            (no helmet)
rElec   .            (no cloak)
rCorr   .            (no gloves)
SInv    .            h - +0 pair of boots
Will    .....        (no amulet)
Stlth   +++          (no ring)
HPRegen 0.26/turn    (no ring)
MPRegen 0.10/turn

%: no passive effects
@: no status effects
A: small, no large weapons, nightstalker 3
a: no special abilities


You were on level 4 of the Dungeon.
You visited 1 branch of the dungeon, and saw 4 of its levels.

You collected 210 gold pieces.

Inventory:

Hand Weapons
 a - a +0 shortbow (weapon)
Armour
 c - a +0 leather armour
 h - a +0 pair of boots (worn)
 l - a +0 leather armour of positive energy (worn)
Jewellery
 m - an amulet of the acrobat
 p - a +6 ring of strength
Scrolls
 b - a scroll of butterflies
 d - 3 scrolls of fog
 i - a scroll of torment
 j - 2 scrolls of noise
 q - 2 scrolls of teleportation
 r - a scroll of identify
Potions
 e - a potion of resistance
 f - 3 potions of enlightenment
 g - a potion of degeneration
 n - a potion of magic {unknown}
 o - a potion of brilliance


   Skills:
 - Level 5.0 Fighting
 + Level 8.2 Ranged Weapons
 - Level 2.4 Dodging
 - Level 1.3 Stealth


You had 5 spell levels left.
You didn't know any spells.
Your spell library contained the following spells:

 Spells                   Type           Power      Damage    Failure   Level
 Necrotise                Necr           0%         1d4       47%         1
 Blink                    Tloc           0%         N/A       63%         2
 Lesser Beckoning         Tloc           0%         N/A       63%         2
 Momentum Strike          Conj/Tloc      0%         3d8       63%         2
 Vampiric Draining        Necr           0%         2d6       85%         3
 Martyr's Knell           Necr/Summ      0%         N/A       99%         4
 Curse of Agony           Necr           0%         N/A       100%        5


Dungeon Overview and Level Annotations

Branches:
Dungeon (4/15)
 Temple: D:4-7

Altars:
Uskayaw

Annotations:
D:4 Edmund


Innate Abilities, Weirdness & Mutations

You are small and have problems with some larger weapons.
You are completely attuned to the shadows.


Message History

Edmund hits you with a +2 flail of holy wrath.
You shoot an arrow. The arrow hits Edmund!
Edmund is moderately wounded.
Edmund closely misses you.
You shoot an arrow.
The arrow hits Edmund but does no damage.
Edmund is moderately wounded.
Edmund closely misses you.
You shoot an arrow.
The arrow hits Edmund but does no damage.
Edmund is moderately wounded.
Edmund hits you with a +2 flail of holy wrath.
Okay, then.
You shoot an arrow. The arrow barely misses Edmund.
The arrow hits the quokka but does no damage.
Edmund misses you.
You shoot an arrow. The arrow hits Edmund.
Edmund is heavily wounded.
Edmund hits you with a +2 flail of holy wrath!
You shoot an arrow.
The arrow hits Edmund but does no damage.
Edmund is heavily wounded.
Edmund hits you with a +2 flail of holy wrath!
* * * LOW HITPOINT WARNING * * *
You feel much better.
Edmund hits you with a +2 flail of holy wrath!
You shoot an arrow.
The arrow hits Edmund but does no damage.
Edmund is heavily wounded.
Edmund hits you with a +2 flail of holy wrath!
* * * LOW HITPOINT WARNING * * *
You shoot an arrow. The arrow hits Edmund!
Edmund is heavily wounded.
Edmund hits you with a +2 flail of holy wrath.
* * * LOW HITPOINT WARNING * * *
You shoot an arrow. The arrow hits Edmund!
Edmund is severely wounded.
Edmund hits you with a +2 flail of holy wrath!
You die...
Edmund says, "I'd like to see a scythe do that!"

#####.....#########........#
...........>.. #........#
.............< #........#
...######..#.. ##########
....## ##...) ##...#####
.... ###......### .... #
######...#########....
###......@@r#....
########.#######......
###........# ###....
##.......#.##### ....
##.##'##.#.....#### ....
...#...#.#####....# ....
...#.⌠.#.# ###..##
.#.#...#.# ##...##
...##+##.# #..###


You could see Edmund and a quokka.

Vanquished Creatures
  Menkaure (D:4)
  Natasha (thrice) (D:4)
  4 adders
  3 gnolls (D:2)
  A shadow imp (D:4)
  A ribbon worm (D:2)
  A ball python (D:2)
  5 bats
  3 endoplasms
  5 giant cockroaches
  4 hobgoblins
  6 jackals (D:2)
  6 kobolds
  A quokka (D:3)
  A frilled lizard (D:1)
  3 goblins
  3 rats (D:2)
51 creatures vanquished.

Notes
Turn   | Place    | Note
-------+----------+-------------------------------------------
     0 | D:1      | Newt the Kobold Hunter began the quest for the Orb.
     0 | D:1      | Reached XP level 1. HP: 12/12 MP: 1/1
   495 | D:1      | Reached XP level 2. HP: 18/18 MP: 2/2
  1159 | D:2      | Reached XP level 3. HP: 7/24 MP: 3/3
  1633 | D:2      | Reached XP level 4. HP: 29/30 MP: 4/4
  1800 | D:2      | Found a hide-covered altar of Uskayaw.
  1814 | D:2      | Reached skill level 5 in Fighting
  2303 | D:3      | Reached XP level 5. HP: 31/35 MP: 5/5
  2747 | D:3      | Reached skill level 6 in Ranged Weapons
  3016 | D:4      | Noticed Natasha
  3031 | D:4      | Killed Natasha
  3040 | D:4      | Noticed Natasha
  3045 | D:4      | Killed Natasha
  3233 | D:4      | Noticed Natasha
  3237 | D:4      | Killed Natasha
  3238 | D:4      | Reached skill level 7 in Ranged Weapons
  3238 | D:4      | Reached XP level 6. HP: 40/40 MP: 6/6
  3251 | D:4      | Noticed Menkaure
  3260 | D:4      | Killed Menkaure
  3261 | D:4      | Reached skill level 8 in Ranged Weapons
  3386 | D:4      | Identified the +7 spear of Poverty {antimagic, ^Fragile
                  | rPois Str+6 Dex+3}
  3611 | D:4      | Noticed Edmund
  3630 | D:4      | Slain by Edmund

Illustrated notes

Levels and vault maps discovered:
D:1:      dpeg_arrival_snail, layout_basic, grunt_decor_arrowhead
D:2:      layout_loops_cross, basic_altar
D:3:      layout_loops_cross
D:4:      layout_rooms, minmay_temple_entry_statues_pillars,
          minmay_misc_feat_room, uniq_edmund, uniq_natasha, uniq_menkaure

Skill      XL: |  1  2  3  4  5  6 |
---------------+-------------------+-----
Fighting       | 3 4 5 |  5.0
Ranged Weapons | 7 8 |  8.2
Dodging        | |  2.4
Stealth        | |  1.3

Action                     |  1- 3 |  4- 6 || total
---------------------------+-------+-------++-------
   Fire: Shortbow          |    86 |    99 ||   185
    Use: Scroll            |     7 |     4 ||    11
         Potion            |       |     2 ||     2
 Armour: Leather armour    |    26 |    43 ||    69
  Dodge: Dodged            |    30 |    42 ||    72

Table legend: (Time is in decaauts)
 A = Elapsed time spent in this place.
 B = Non-inter-level travel time spent in this place.
 C = Inter-level travel time spent in this place.
 D = Time resting spent in this place.
 E = Time spent auto-exploring this place.
 F = Levels seen in this place.
 G = Mean time per level.
                   A        B        C        D        E       F      G
               +--------+--------+--------+--------+--------+-----+--------+
         Total |   3673 |   3571 |    102 |    654 |   2539 |   4 |  918.2 |
       Dungeon |   3673 |   3571 |    102 |    654 |   2539 |   4 |  918.2 |
               +--------+--------+--------+--------+--------+-----+--------+

Top non-repeatable levels by time:
     D:2: 1247 daAuts
     D:1: 959 daAuts
     D:4: 798 daAuts
     D:3: 667 daAuts
